 Dungeon Crawl Stone Soup version 0.17.1-1-g73c8601 (webtiles) character file.

43 JustSomeDude the Insei (level 3, 0/29 HPs)
             Began as a Demonspawn Monk on Dec 24, 2015.
             Succumbed to an adder's poison
             ... on level 2 of the Dungeon.
             The game lasted 00:05:27 (955 turns).

JustSomeDude the Insei (Demonspawn Monk)             Turns: 955, Time: 00:05:27

Health: 0/29       AC:  3    Str: 12    XL:     3   Next: 37%
Magic:  3/3        EV: 14    Int: 16    God:
Gold:   89         SH:  0    Dex: 15    Spells: 0 memorised, 2 levels left

rFire  . . .     SeeInvis .     l - +2 hand axe (chop)
rCold  . . .     Clarity  .     a - +0 robe
rNeg   . . .     SustAt   .     (no shield)
rPois  .         Gourm    .     (no helmet)
rElec  .         Spirit   .     (no cloak)
rCorr  .         Warding  .     m - +0 pair of gloves
rMut   .         Stasis   .     (no boots)
MR     .....                    (no amulet)
Stlth  ++........               (no ring)
                                k - +1 ring of evasion

@: brilliant, lethally poisoned (0 -> -4), not resistant to hostile
enchantments, unstealthy
A: powered by death 1
a: no special abilities


You were on level 2 of the Dungeon.
You were not hungry.

You visited 1 branch of the dungeon, and saw 2 of its levels.

You collected 89 gold pieces.

Inventory:

Hand Weapons
 l - a +2 hand axe of chopping (weapon)
Missiles
 n - 17 silver bolts
Armour
 a - a +0 robe (worn)
 m - a +0 pair of gloves (worn)
Jewellery
 k - a +1 ring of evasion (left hand)
Scrolls
 d - 2 scrolls of identify
 f - a scroll of remove curse
Comestibles
 b - 2 bread rations
 c - 3 fruits
 j - a meat ration


   Skills:
 + Level 3.3 Fighting
 + Level 3.2 Dodging
 + Level 1.9 Stealth
 + Level 4.1 Unarmed Combat


You had 2 spell levels left.
You didn't know any spells.

Dungeon Overview and Level Annotations

Branches:
Dungeon (2/15)

Altars:


Innate Abilities, Weirdness & Mutations

You regenerate a little health from kills.


Message History

As you read the scroll labeled PIMMAUMPIUSE, it crumbles to dust.
The scroll dissolves into smoke.
It was a scroll of fog.
Read which item? (? for menu, Esc to quit)
As you read the scroll labeled FONWIUQ MIUSAI, it crumbles to dust.
It is a scroll of enchant weapon.
Enchant which weapon? (? for menu, Esc to quit)
Your +1 hand axe of chopping glows red for a moment.
* * * LOW HITPOINT WARNING * * *
You feel sick.
Read which item? (? for menu, Esc to quit)
Okay, then.
There is a lethal amount of poison in your body!
* * * LOW HITPOINT WARNING * * *
You feel sick.
* * * LOW HITPOINT WARNING * * *
You feel sick.
* * * LOW HITPOINT WARNING * * *
You feel sick.
A bat, an ooze, a giant cockroach and 2 goblins come into view.
You die...

# sJ.$ ## ...b##
.# #. ...#gg# .
#.# #. ..#....#
.#..# #(
.#......#.#.# ##
#...... .#..#
#....##...###
.####@......#
#............#
##.....#.....#
........#.§§.§#
######...§.§..###
#####§§.§§.##..
##§§§§.....
##§§§§.....
#§§§§§.....


You could see an ooze (wandering), a giant cockroach (sleeping), a hobgoblin
(sleeping), a goblin (sleeping) and a bat (sleeping).

Vanquished Creatures
  A gnoll (D:2)
  An adder (D:2)
  A giant gecko (D:1)
  2 ball pythons (D:1)
  A giant cockroach (D:1)
  3 hobgoblins (D:1)
  4 jackals (D:2)
  2 kobolds (D:1)
  4 bats (D:1)
  2 goblins
  A rat (D:1)
22 creatures vanquished.

Notes
Turn   | Place    | Note
--------------------------------------------------------------
     0 | D:1      | JustSomeDude the Demonspawn Monk began the quest for the Orb.
     0 | D:1      | Reached XP level 1. HP: 18/18 MP: 1/1
     2 | D:1      | Noticed an elf
     2 | D:1      | Noticed an ogre
     4 | D:1      | Noticed a human
     4 | D:1      | Noticed a tengu
     6 | D:1      | Noticed a demigod
     8 | D:1      | Noticed a demonspawn
    10 | D:1      | Noticed a ghoul
    10 | D:1      | Noticed a draconian
    12 | D:1      | Noticed a gargoyle
    14 | D:1      | Noticed an octopode
    14 | D:1      | Noticed a naga
    16 | D:1      | Noticed a centaur
    16 | D:1      | Noticed a felid
    18 | D:1      | Noticed a vampire
    20 | D:1      | Noticed a troll
    22 | D:1      | Noticed a spriggan
    22 | D:1      | Noticed a formicid
    24 | D:1      | Noticed a merfolk
    24 | D:1      | Noticed a vine stalker
    26 | D:1      | Noticed a dwarf
    26 | D:1      | Noticed a minotaur
   183 | D:1      | Gained mutation: You regenerate a little health from kills. [demonic ancestry]
   183 | D:1      | Reached XP level 2. HP: 22/24 MP: 2/2
   867 | D:2      | Reached skill level 4 in Unarmed Combat
   933 | D:2      | Reached XP level 3. HP: 9/29 MP: 3/3
   953 | D:2      | HP: 1/29 [poisoned by an adder]
   955 | D:2      | Succumbed to an adder's poison

Action                   || total
-------------------------++-------
Melee: Unarmed           ||    48
       Hand axe          ||    36
  Use: Potion            ||     2
       Scroll            ||     3
 Stab: Sleeping          ||     3
